 Dungeon Crawl Stone Soup version 0.29-a0-317-gd16b76e6b1 (webtiles) character file.

Game seed: 8998272679716693722

75 Dabor the Insei (level 4, -1/39 HPs)
             Began as a Naga Transmuter on Mar 31, 2022.
             Slain by a hobgoblin
             ... wielding a +0 whip
             ... led by Robin
              (6 damage)
             ... on level 3 of the Dungeon.
             The game lasted 00:04:08 (2517 turns).

Dabor the Insei (Naga Transmuter)                   Turns: 2517, Time: 00:04:09

Health: -1/39      AC:  4    Str: 13    XL:     4   Next: 31%
Magic:  6/7        EV: 10    Int: 13    God:
Gold:   120        SH:  0    Dex: 13    Spells: 5/8 levels left

rFire   . . .      SeeInvis +     - Unarmed
rCold   . . .      Faith    .   (no shield)
rNeg    . . .      Spirit   .   m - +2 animal skin
rPois   +          Reflect  .   (helmet currently unavailable)
rElec   .          Harm     .   (no cloak)
rCorr   .          Rampage  .   (no gloves)
Will    .....                   (no barding)
Stlth   +.........              (no amulet)
HPRegen 0.13/turn               (no ring)
MPRegen 0.10/turn               (no ring)

@: appendages (expiring), very slow
A: horns 2, AC +1, large, see invisible, deformed body, poison resistance,
slowness 2, spit poison 1, naga tail 1
a: Spit Poison, End Transformation


You were on level 3 of the Dungeon.
You had temporarily grown beastly horns.
You visited 1 branch of the dungeon, and saw 3 of its levels.

You collected 120 gold pieces.

Inventory:

Missiles
 l - 6 poisoned darts
Armour
 m - a +2 animal skin (worn)
Scrolls
 e - a scroll of amnesia {unknown}
 h - a scroll of fear {unknown}
 k - a scroll of vulnerability {unknown}
Potions
 b - a potion of lignification
 c - a potion of attraction {unknown}
 d - 5 potions of heal wounds {unknown}
 f - a potion of might {unknown}
 g - 2 potions of mutation {unknown}
 i - a potion of degeneration {unknown}
 j - a potion of berserk rage {unknown}


   Skills:
 + Level 1.8 Fighting
 + Level 2.1 Dodging
 + Level 3.4 Unarmed Combat
 + Level 2.5 Spellcasting
 + Level 2.6 Transmutations


You had 5 spell levels left.
You knew the following spells:

 Your Spells              Type           Power      Damage    Failure   Level
a - Beastly Appendage     Tmut           16%        N/A       9%          1
b - Wereblood             Tmut           8%         N/A       12%         2

Your spell library contained the following spells:

 Spells                   Type           Power      Damage    Failure   Level
 Spider Form              Tmut/Pois      5%         N/A       38%         3
 Ice Form                 Ice/Tmut       5%         N/A       80%         4
 Iskenderun's Battlesphe  Conj           1%         2d6       100%        5
 Iron Shot                Conj/Erth      0%         9d1       100%        6
 Spellforged Servitor     Conj/Summ      0%         N/A       100%        7


Dungeon Overview and Level Annotations

Branches:
Dungeon (3/15)

Altars:
Trog

Annotations:
D:3 Robin


Innate Abilities, Weirdness & Mutations

You have temporarily grown beastly horns.
Your serpentine skin is tough. (AC +1)
You have supernaturally acute eyesight. (SInv)
Armour fits poorly on your strangely shaped body.
Your system is resistant to poisons. (rPois)
You cover ground very slowly.
You can spit poison.
You have a snake-like lower body.


Message History

Unknown command.
The hobgoblin shouts!
You hear a shout! x3
A goblin comes into view. It is wielding a +0 dagger.
Robin shouts!
The goblin shouts!
You hear a shout!
Robin throws the goblin at you! x2; The goblin hits you with a +0 club. x2
The hobgoblin shouts!
Aiming: Spit Poison (1% risk of failure)
Press: ? - help, Shift-Dir - straight line, f - goblin
Aim: a goblin, wielding a +0 club (50% to hit)
The splash of poison hits the goblin.
The goblin is poisoned.
The goblin is moderately wounded.
The goblin hits you but does no damage. The goblin hits you with a +0 club.
Robin throws the goblin at you!
The goblin shouts!
You hit the goblin.
You kill the goblin!
The hobgoblin hits you with a +0 whip. The goblin hits you with a +0 dagger.
The goblin hits you with a +0 club.
Casting: Beastly Appendage (safe; 9% risk of failure)
Confirm with . or Enter, or press ? or * to list all spells.
You grow a pair of large bovine horns.
Robin roars a battlecry!
The goblins go into a battle-frenzy!
The hobgoblin closely misses you. The goblin completely misses you.
The goblin hits you but does no damage.
You have got your breath back.
Robin roars a battlecry!
The goblin hits you with a +0 club. The goblin hits you with a +0 dagger.
Things that are here:
a +0 club; a goblin corpse The hobgoblin attacks as you move away!
The hobgoblin completely misses you. The hobgoblin hits you with a +0 whip.
The goblin closely misses you. The goblin barely misses you.
The goblin attacks as you move away! The goblin hits you with a +0 dagger.
Your transformation is almost over.
The goblin barely misses you. The hobgoblin attacks as you move away!
The hobgoblin hits you with a +0 whip!
* * * LOW HITPOINT WARNING * * *
The hobgoblin hits you with a +0 whip.
You die...

#.### #...#
###.#.## #[#...
#.#..# ######
#.#..# ....
#.#..# ...#
#.#..####### #..
#@#.........##.#
#.gg...g..>...<#
###.g.#####.#..#
#..ogg..g.....
###.##.##.#..#.
#.# ##....#..
#.. ....## .
#### # #.. . #..


You could see Robin, an orc, 3 hobgoblins and 2 goblins.

Vanquished Creatures
  2 adders (D:2)
  A worm (D:2)
  A dart slug (D:2)
  8 endoplasms
  A giant cockroach (D:1)
  9 goblins
  4 hobgoblins
  4 quokkas
  6 bats
  2 frilled lizards
  2 kobolds
  5 rats
45 creatures vanquished.

Notes
Turn   | Place    | Note
-------+----------+-------------------------------------------
     0 | D:1      | Dabor the Naga Transmuter began the quest for the Orb.
     0 | D:1      | Reached XP level 1. HP: 18/18 MP: 3/3
   205 | D:1      | Reached XP level 2. HP: 25/25 MP: 5/5
   220 | D:1      | Learned a level 2 spell: Wereblood
   786 | D:1      | Reached XP level 3. HP: 31/31 MP: 4/6
  1506 | D:2      | Found a bloodstained altar of Trog.
  2050 | D:2      | Reached XP level 4. HP: 39/39 MP: 5/7
  2195 | D:3      | Noticed Robin
  2517 | D:3      | Slain by a hobgoblin

Illustrated notes

Levels and vault maps discovered:
D:1:      onia_arrival_pyramid, layout_loops_ring
D:2:      layout_basic, basic_altar, minmay_domino_4
D:3:      kennysheep_big_flooded_room, layout_loops_ring, uniq_robin

Skill      XL: |  1  2  3 |
---------------+----------+-----
Dodging        | 2 |  2.1
Fighting       | |  1.8
Unarmed Combat | |  3.4
Spellcasting   | |  2.5
Transmutations | |  2.6

Action                   |  1- 3 |  4- 6 || total
-------------------------+-------+-------++-------
Melee: Unarmed           |    79 |    19 ||    98
       Headbutt          |    14 |     2 ||    16
       Punch             |     1 |       ||     1
 Cast: Beastly Appendage |    23 |     4 ||    27
       Wereblood         |       |     1 ||     1
 Abil: Spit Poison       |    10 |     2 ||    12
 Stab: Sleeping          |     1 |       ||     1
Armor: Robe              |    16 |     1 ||    17
       Animal skin       |       |     4 ||     4
Dodge: Dodged            |    48 |    18 ||    66

Table legend: (Time is in decaauts)
 A = Elapsed time spent in this place.
 B = Non-inter-level travel time spent in this place.
 C = Inter-level travel time spent in this place.
 D = Time resting spent in this place.
 E = Time spent auto-exploring this place.
 F = Levels seen in this place.
 G = Mean time per level.
                   A        B        C        D        E       F      G
               +--------+--------+--------+--------+--------+-----+--------+
         Total |   3063 |   2963 |    100 |      0 |   2470 |   3 | 1021.0 |
       Dungeon |   3063 |   2963 |    100 |      0 |   2470 |   3 | 1021.0 |
               +--------+--------+--------+--------+--------+-----+--------+

Top non-repeatable levels by time:
     D:2: 1572 daAuts
     D:1: 1165 daAuts
     D:3: 324 daAuts
